Map: Cactus Valley LE (Void)

Players

maxpower - Winner!

  • Race: Terran Terran
  • League: Grandmaster

SticklerMac

  • Race: Zerg Zerg
  • League: Grandmaster

VOD

Have the link to the VOD?

Description

Time

  • Played on: June 12, 2015, 7:28 p.m.
  • Length: 18:43
Show
View Real Time Build Order
Export as new Build Order

maxpower Terran - Winner!

Build Orders: Bio Mine 

Get SALT Encoding   

  12  0:02  SCV  
  13  0:16  Supply Depot  
  13  0:17  SCV  
  14  0:29  SCV  
  15  0:41  SCV  
  16  0:54  SCV  
  17  0:58  Barracks  
  17  1:06  SCV  
  18  1:18  SCV  
  19  1:26  Command Center  
  19  1:30  SCV  
  20  1:37  Supply Depot  
  20  1:46  Marine  
  22  1:50  Orbital Command  
  21  2:04  Supply Depot  
  21  2:13  Refinery, Marine  
  22  2:16  SCV  
  23  2:36  Marine  
  24  2:52  Orbital Command  
  24  2:56  Barracks  
  24  2:57  SCV  
  25  3:04  Command Center, Supply Depot  
  25  3:09  SCV  
  26  3:18  Barracks  
  26  3:22  Marine  
  26  3:26  Supply Depot  
  27  3:31  SCV  
  27  3:34  SCV, Refinery  
  29  3:43  SCV  
  29  3:46  SCV, Barracks Tech Lab  
  32  3:52  Refinery  
  32  3:53  Barracks Tech Lab  
  32  3:55  SCV  
  32  3:58  Supply Depot  
  32  4:07  Combat Shields  
  32  4:10  SCV  
  32  4:12  SCV  
  32  4:16  SCV  
  35  4:24  Marine  
  36  4:25  Stimpack  
  36  4:32  Refinery  
  36  4:33  Orbital Command  
  36  4:37  SCV  
  36  4:38  SCV, Factory  
  38  4:45  Marine  
  38  4:49  SCV  
  38  4:51  SCV  
  41  4:55  Marine x2  
  41  4:59  Barracks  
  43  5:00  SCV  
  43  5:04  Barracks Reactor, Barracks  
  43  5:05  SCV  
  45  5:07  SCV  
  45  5:12  Factory  
  45  5:13  Marine  
  47  5:16  Engineering Bay  
  47  5:18  SCV x2  
  49  5:22  Supply Depot  
  49  5:23  Marine  
  49  5:27  Factory Tech Lab  
  50  5:29  Armory  
  50  5:33  Marine  
  51  5:43  Engineering Bay  
  51  5:47  Widow Mine  
  51  5:51  Bunker  
  51  5:53  Bunker  
  51  5:54  Marine x2  
  51  5:55  Widow Mine  
  55  5:58  Marine x2  
  55  6:00  SCV  
  58  6:06  Marine x2  
  60  6:12  Marine  
  60  6:15  Widow Mine  
  54  6:23  Widow Mine  
  42  6:37  Marine x3  
  42  6:38  Marine  
  45  6:41  Marine  
  45  6:46  Starport  
  48  6:50  Orbital Command  
  48  6:52  Widow Mine  
  50  6:55  Siege Tank, Marine  
  47  7:10  Supply Depot  
  44  7:29  Marine  
  43  7:30  Marine x4  
  43  7:36  Orbital Command  
  49  7:43  Viking  
  50  7:47  Marine  
  50  7:48  Marine x4  
  55  8:00  SCV x2  
  55  8:04  SCV  
  55  8:05  Marine  
  57  8:06  Marine x4  
  57  8:12  SCV x2  
  64  8:16  SCV  
  64  8:19  Supply Depot  
  65  8:22  Marine  
  65  8:24  SCV x2, Supply Depot  
  68  8:31  Marine  
  68  8:32  SCV  
  70  8:36  SCV x2, Barracks Tech Lab, Barracks Reactor  
  70  8:38  Factory Tech Lab  
  72  8:42  Terran Infantry Weapons Level 1, Terran Infantry Armor Level 1  
  72  8:46  Missile Turret  
  72  9:00  SCV x2  
  74  9:04  Command Center  
  74  9:09  Marine  
  75  9:13  Medivac  
  77  9:22  Barracks Tech Lab  
  77  9:24  SCV  
  78  9:26  Thor x2  
  78  9:29  Terran Vehicle Weapons Level 1  
  78  9:30  SCV x2  
  92  9:31  Marine  
  92  9:32  Marine x2  
  92  9:36  SCV  
  79  9:42  SCV x2  
  69  9:45  Marine  
  69  9:46  Marine x3  
  73  9:56  Drilling Claws  
  73  10:02  Factory  
  73  10:04  SCV  
  74  10:08  Widow Mine  
  74  10:09  Widow Mine  
  78  10:18  Marine  
  78  10:19  Marine x2  
  81  10:23  Starport Tech Lab  
  81  10:24  SCV  
  82  10:36  Hi-Sec Auto Tracking  
  82  10:37  Widow Mine  
  82  10:39  Marine  
  82  10:40  Marine  
  82  10:41  Widow Mine  
  88  10:46  Marauder x2, Marine x2  
  88  10:47  Factory Reactor  
  93  11:06  Widow Mine  
  95  11:14  Marine x3  
  95  11:15  Marine  
  95  11:18  Marine x3  
  102  11:32  Marine x2  
  100  11:50  Planetary Fortress  
  100  11:53  Marine x2  
  100  11:54  Marine x5  
  107  12:11  Marine  
  108  13:07  Supply Depot, Marine x5, Terran Infantry Weapons Level 2, Raven, Terran Infantry Armor Level 2  
  108  13:08  SCV  
  108  13:10  Terran Vehicle Armor Level 1  
  116  13:29  SCV, Marine x7  
  124  13:58  Widow Mine  
  124  13:59  Marine x3  
  124  14:00  Marine, Widow Mine x2  
  124  14:01  Marauder  
  108  14:05  Marine  
  108  14:06  Marine  
  94  14:17  Marine x3, Widow Mine  
  94  14:19  Marauder  
  94  14:22  Marine  
  94  14:23  Marine  
  94  14:24  SCV, Barracks, Marine  
  104  14:27  Widow Mine  
  104  14:28  Widow Mine  
  105  14:36  Marine  
  104  14:41  Marine x2  
  104  14:43  Widow Mine  
  108  14:45  Widow Mine  
  108  14:46  Command Center  
  108  14:47  Marine x4  
  114  14:59  Marauder  
  116  15:05  Marauder  
  118  15:10  Missile Turret  
  96  15:35  Marine x7  
  92  15:47  Barracks Reactor, Barracks  
  92  15:53  Marine x7  
  99  15:58  Siege Tank  
  99  15:59  Orbital Command  
  98  16:10  Marine  
  98  16:11  Marine x6  
  94  16:28  Marine  
  94  16:29  Marine x6  
  96  16:35  Marine x2  
  95  16:46  Marine  
  95  16:47  Marine x5  
  101  16:54  Marine x2  
  101  16:55  Marine  
  101  17:01  SCV x3  
  106  17:05  Marauder x3  
  106  17:07  Widow Mine x2, Marine x2  
  106  17:08  Widow Mine x2  
  121  17:16  Marine  
  121  17:17  Marine x2  
  124  17:36  Widow Mine x3  
  112  17:51  Marine x2  
  112  17:52  Marine x5  
  113  17:59  Marine x3  
  113  18:02  Missile Turret  
  113  18:04  Widow Mine x2  
  120  18:09  Marine x3  
  120  18:10  Marine x4  
  127  18:17  Marine x3  
Show
View Real Time Build Order
Export as new Build Order

SticklerMac Zerg 

Build Orders: Pool First 

Get SALT Encoding   

  12  0:01  Drone  
  13  0:09  Drone  
  14  0:15  Extractor  
  14  0:16  Drone  
  14  0:26  Overlord  
  14  0:42  Spawning Pool  
  13  0:46  Drone  
  14  0:52  Drone  
  16  0:57  Drone  
  16  1:06  Drone  
  16  1:11  Drone  
  18  1:28  Queen  
  18  1:29  Metabolic Boost  
  18  1:32  Drone  
  21  1:54  Hatchery  
  20  1:59  Overlord  
  20  2:03  Drone  
  20  2:07  Drone  
  22  2:14  Overlord  
  23  2:22  Drone  
  23  2:39  Baneling Nest  
  22  2:45  Zergling x10  
  22  2:50  Drone  
  28  3:04  Drone  
  29  3:11  Drone x3  
  29  3:12  Drone x2  
  34  3:19  Queen  
  36  3:22  Overlord  
  36  3:23  Overlord  
  36  3:32  Lair  
  36  3:38  Baneling x3  
  36  3:39  Baneling x3  
  36  3:42  Zergling x2  
  36  3:44  Zergling x2  
  36  3:45  Zergling x2  
  39  3:49  Zergling x2  
  40  4:08  Zergling x10  
  40  4:09  Zergling x4  
  47  4:22  Zergling x6  
  47  4:23  Zergling x4  
  52  4:29  Centrifical Hooks  
  52  4:39  Overlord x3  
  51  4:57  Zergling x2  
  51  4:58  Zergling x10  
  57  5:02  Zergling x4  
  57  5:03  Zergling x4  
  61  5:08  Drone x5  
  66  5:20  Zergling x6  
  69  5:26  Baneling  
  69  5:27  Baneling x8  
  69  5:37  Zergling x12  
  75  5:46  Zergling x2  
  75  5:49  Baneling x2  
  75  5:52  Baneling  
  75  5:53  Overlord x3  
  54  6:43  Baneling  
  54  6:44  Zergling x2, Baneling x4  
  54  6:45  Zergling x22  
  66  6:53  Extractor  
  65  6:55  Drone, Extractor  
  65  6:56  Drone, Extractor  
  47  7:08  Zergling x2  
  47  7:09  Zergling x2  
  47  7:13  Drone  
  49  7:29  Zergling x16  
  47  7:33  Overseer  
  47  7:37  Zergling x2  
  48  7:51  Drone  
  48  7:52  Drone x2  
  48  8:05  Baneling  
  48  8:06  Baneling x7  
  48  8:07  Zergling x6  
  51  8:28  Zergling x2  
  51  8:29  Zergling x2  
  51  8:31  Hatchery  
  51  8:33  Pneumatized Carapace  
  52  8:41  Hatchery  
  51  8:59  Zergling x26  
  51  9:00  Zergling x6  
  67  9:04  Nydus Network  
  66  9:14  Zergling x4  
  68  9:17  Baneling x6  
  68  9:18  Baneling x10  
  68  9:19  Zergling x2  
  68  9:20  Zergling x2  
  57  9:47  Zergling x2  
  57  9:50  Drone x2  
  57  9:51  Drone x4  
  57  9:52  Drone x2  
  66  10:19  Zergling x2  
  66  10:20  Zergling x26  
  80  10:25  Zergling x2  
  81  10:36  Zergling x18  
  81  10:37  Queen, Zergling x2  
  81  10:39  Queen  
  86  11:03  Spire  
  85  11:17  Spire  
  81  11:53  Queen  
  83  11:59  Drone x2  
  85  12:03  Overlord x2  
  85  12:04  Overlord x3  
  83  12:41  Mutalisk x4  
  83  12:42  Mutalisk x12  
  115  12:57  Drone x6  
  121  13:15  Zergling x2  
  121  13:16  Zergling x10  
  125  13:35  Baneling  
  125  13:36  Baneling x15  
  65  14:41  Hatchery, Zergling x2  
  65  14:42  Zergling x18  
  74  14:59  Zergling x2  
  74  15:00  Zergling x2  
  74  15:03  Zergling x4  
  72  15:21  Mutalisk x5  
  64  15:38  Mutalisk x2  
  65  16:09  Mutalisk x2  
  65  16:10  Mutalisk  
  67  16:21  Mutalisk, Zergling x2  
  60  16:33  Mutalisk  
  52  16:41  Overseer  
  52  16:51  Mutalisk x2  
  56  16:58  Zergling x4  
  59  17:01  Zergling x2  
  58  17:22  Zergling x4  
  60  17:23  Zergling x2  
  61  17:32  Hatchery  
  61  17:34  Zergling x8  
  61  17:35  Zergling x2  
  57  17:46  Zergling x2  
  57  17:47  Zergling x8  
  57  18:10  Mutalisk x3  
  63  18:19  Zergling x6  
  61  18:29  Overseer  
Tags
 
Add a new tag
Caveats
  • Supply blocks, unpowered buildings, or Contaminate may cause inaccurate times.
  • Supply counts are checked every 10 seconds.